 Dungeon Crawl Stone Soup version 0.24-a0-201-gf205589 (console) character file.

Game seed: 1165171232969235023

137 bli the Slasher (level 5, -4/41 HPs)
             Began as a Formicid Abyssal Knight on Mar 22, 2019.
             Was a Believer of Lugonu.
             Killed by divine providence
             ... invoked by an orc priest
              (7 damage)
             ... on level 3 of the Dungeon.
             The game lasted 00:05:27 (1941 turns).

bli the Slasher (Formicid Abyssal Knight)           Turns: 1941, Time: 00:05:27

Health: -4/41      AC:  4    Str: 16    XL:     5   Next: 43%
Magic:  6/6        EV: 12    Int: 12    God:    Lugonu [**....]
Gold:   120        SH:  0    Dex: 11    Spells: 4/4 levels left

rFire    . . .     SeeInvis +   a - +1 falchion
rCold    . . .     Gourm    .   (no shield)
rNeg     . . .     Faith    .   u - +0 leather armour
rPois    .         Spirit   .   (helmet unavailable)
rElec    .         Reflect  .   (no cloak)
rCorr    .         Harm     .   (no gloves)
MR       .....                  q - +0 pair of boots
Stlth    +.........             h - amulet of regeneration
HPRegen  0.53/turn              p - +3 ring of slaying
MPRegen  0.10/turn              (no ring)

@: no status effects
A: permanent stasis, dig shafts and tunnels, four strong arms, antennae 3
a: Dig, Shaft Self, Depart the Abyss, Bend Space, Renounce Religion


You were on level 3 of the Dungeon.
You worshipped Lugonu.
Lugonu was pleased with you.
You were not hungry.

You visited 1 branch of the dungeon, and saw 3 of its levels.
You visited the Abyss 1 time.

You collected 120 gold pieces.

Inventory:

Hand Weapons
 a - a +1 falchion (weapon)
 b - a +0 hunting sling
Missiles
 d - 79 stones (quivered)
 g - 8 tomahawks
 i - 25 sling bullets
Armour
 q - a +0 pair of boots (worn)
 u - a +0 leather armour (worn)
Magical Staves
 f - an uncursed staff of death {unknown}
Jewellery
 h - an amulet of regeneration (around neck)
 p - a +3 ring of slaying (left hand)
Scrolls
 e - a scroll of blinking {unknown}
 j - 2 scrolls of identify {unknown}
 k - 3 scrolls of immolation {unknown}
 l - a scroll of random uselessness {unknown}
 m - 2 scrolls of teleportation {unknown}
 r - a scroll of fear {unknown}
 s - 2 scrolls of enchant weapon {unknown}
 t - a scroll of amnesia {unknown}
 w - a scroll of remove curse {unknown}
Potions
 n - a potion of mutation {unknown}
 o - 2 potions of brilliance {unknown}
Comestibles
 c - 2 rations
 v - 5 chunks of flesh


   Skills:
 + Level 3.5 Fighting
 + Level 3.8 Long Blades
 - Level 2.1 Armour
 * Level 3.0 Dodging
 + Level 2.2 Invocations


You had 4 spell levels left.
You didn't know any spells.
Your spell library was empty.

Dungeon Overview and Level Annotations

Branches:
Dungeon (3/15)

Altars:
Ashenzari
Cheibriados
Nemelex Xobeh
Okawaru
Wu Jian
Xom
Zin


Innate Abilities, Weirdness & Mutations

You cannot be hasted, slowed, berserked, paralysed or teleported.
You can dig through walls and to a lower floor.
Your four strong arms can wield two-handed weapons with a shield.
You have a pair of large antennae on your head. (SInv)


Message History

You closely miss the orc priest.
The orc priest is almost dead.
The orc priest hits you.
* * * LOW HITPOINT WARNING * * *
The kobold closely misses you.
You riposte.
You barely miss the kobold. The orc hits you with a +0 war axe.
* * * LOW HITPOINT WARNING * * *
You hit the orc priest but do no damage.
The orc priest is almost dead.
The orc priest hits you but does no damage.
The kobold barely misses you. The orc hits you with a +0 war axe.
* * * LOW HITPOINT WARNING * * *
You hit the orc priest but do no damage.
The orc priest is severely wounded.
The orc priest closely misses you.
You riposte.
You hit the orc priest but do no damage.
The orc priest is severely wounded.
The kobold hits you but does no damage.
The orc priest invokes the aid of Beogh against you.
Beogh smites you!
You die...

#.#.#...........
#..............
####.##........
....# .......
.... ....... ...
...... #..##....
#..oo.. #..Ko#
###.#..o.#
#......@##
#.......#
#......[#
#...(#.##
#..##......
#....#.
#...#...... #...
#. #..##.....
#... #.
#...#..... #..
#. ##...#.....
...........
###)#..g...#
###.......<#


You could see an orc priest, an orc wizard, 2 orcs and a kobold.

Vanquished Creatures
  2 gnolls
  5 adders (D:2)
  An ufetubus (Abyss:1)
  2 oozes (D:1)
  3 dart slugs
  An orc (D:3)
  A giant cockroach (D:2)
  7 goblins
  8 hobgoblins
  6 jackals
  7 bats
  4 frilled lizards
  3 kobolds
  5 rats
55 creatures vanquished.

Notes
Turn   | Place    | Note
-------+----------+-------------------------------------------
     0 | Abyss:1  | bli the Formicid Abyssal Knight began the quest for the
                  | Orb.
     0 | Abyss:1  | Reached XP level 1. HP: 18/18 MP: 2/2
    34 | Abyss:1  | Noticed a starcursed mass
    52 | Abyss:1  | Reached skill level 1 in Dodging
    53 | D:1      | Escaped the Abyss
   265 | D:1      | Reached XP level 2. HP: 21/24 MP: 3/3
   398 | D:1      | Reached * piety under Lugonu
   412 | D:1      | Reached XP level 3. HP: 27/29 MP: 4/4
  1147 | D:2      | Reached XP level 4. HP: 31/35 MP: 5/5
  1359 | D:2      | Reached ** piety under Lugonu
  1463 | D:2      | Reached XP level 5. HP: 41/41 MP: 6/6
  1479 | D:2      | Found an ornate altar of the Wu Jian Council.
  1489 | D:2      | Found a shimmering altar of Xom.
  1490 | D:2      | Found a glowing silver altar of Zin.
  1490 | D:2      | Found a snail-covered altar of Cheibriados.
  1490 | D:2      | Found a shattered altar of Ashenzari.
  1492 | D:2      | Found an iron altar of Okawaru.
  1493 | D:2      | Found a sparkling altar of Nemelex Xobeh.
  1939 | D:3      | HP: 2/41 [orc/+0 war axe (2)]
  1941 | D:3      | Killed from afar by an orc priest

Levels and vault maps discovered:
D:1:      dpeg_arrival_rhombi, layout_basic
D:2:      layout_loops_ring, minitemple
D:3:      layout_rooms, marbit_many_paths
Abyss:1:  minivault_28

Skill      XL: |  1  2  3  4  5 |
---------------+----------------+-----
Dodging        | 1 2 3 |  3.0
Long Blades    | 3 |  3.8
Fighting       | |  3.5
Armour         | |  2.1
Invocations    | |  2.2

Action                   |  1- 3 |  4- 6 || total
-------------------------+-------+-------++-------
Melee: Falchion          |    80 |    61 ||   141
Invok: Depart the Abyss  |     1 |       ||     1
 Abil: Dig               |     1 |       ||     1
  Eat: Chunk             |     1 |     3 ||     4
Armor: Leather armour    |    38 |    17 ||    55
Dodge: Dodged            |    79 |    64 ||   143
       Rpst.: Falchion   |    19 |    26 ||    45

Table legend:
 A = Non-vault XP
 B = Vault XP
 C = Vault XP percentage of total XP
 D = Non-vault monster count
 E = Vault monster count
 F = Vault count percentage of total count
                 A         B        C        D         E       F
            +---------+---------+-------+---------+---------+-------
      Total |     196 |       0 |   0.0 |      55 |       0 |   0.0
            +---------+---------+-------+---------+---------+-------
        D:1 |      58 |       0 |   0.0 |      28 |       0 |   0.0
        D:2 |     107 |       0 |   0.0 |      21 |       0 |   0.0
        D:3 |      23 |       0 |   0.0 |       5 |       0 |   0.0
    Abyss:1 |       8 |       0 |   0.0 |       1 |       0 |   0.0
            +---------+---------+-------+---------+---------+-------
